Tamiflu vs Inferno

Created - 10 septembre 2014 at 19:30

Simulating a Pre-Season

Goals
1 2 3 OT1 SO T
Tamiflu 3 1 1 0 2 6
Inferno 0 4 1 0 1 5
Shots
1 2 3 OT1 SO T
Tamiflu 10 5 6 0 3 21
Inferno 14 13 6 1 3 34

1st period

1. Tamiflu , Greg Mauldin 1 (Petr Pohl, Justin Braun) at 2:44
2. Tamiflu , Alex Picard 2 (Carson Mcmillan, Jordan Hendry) at 13:01
3. Tamiflu , Adam Henrique 1 (Rich Clune) at 13:36

Penalties :
No Penalty

2nd period

4. Inferno , Brad Marchand 2 (Cal O'Reilly, Matt Kassian) at 6:35
5. Tamiflu , Mike Duco 1 (Adam Henrique, Jordan Hendry) at 14:19
6. Inferno , Brad Marchand 3 (Andrej Meszaros, Matt Kassian) at 15:46
7. Inferno , Colin Wilson 2 (Brad Marchand) at 15:58
8. Inferno , Brad Marchand 4 (Jonathan Ferland, Mark Mitera) at 19:02

Penalties :
Brad Marchand (Anc) for Holding (Minor) at 3:18, Jan Mursak (Det) for Tripping (Minor) at 11:51

3rd period

9. Inferno , Pavel Vorobiev 1 (Stephane Veilleux) at 7:34
10. Tamiflu , Greg Mauldin 2 (Petr Pohl) at 9:57

Penalties :
Nate Thompson (Det) for Holding (Minor) at 0:17, Alex Picard (Det) for Tripping (Minor) at 7:37, Nate Thompson (Det) for Tripping (Minor) at 13:31, Mark Mitera (Anc) for Tripping (Minor) at 15:52

Overtime #1

No Goal

Penalties :
No Penalty

Shootout

Penalty Shot by Nate Thompson for Tamiflu - Goal!
Penalty Shot by Stephane Veilleux for Inferno - Goal!
Penalty Shot by Alex Picard for Tamiflu - Stopped by Chris Holt
Penalty Shot by Colin Wilson for Inferno - Stopped by Mike McKenna
Penalty Shot by Greg Mauldin for Tamiflu - Goal!
Penalty Shot by Brad Marchand for Inferno - Shot Misses the Net

Penalties :
No Penalty

Goalie Stats

Mike McKenna (Det), 29 saves from 34 shots - (0,853), W, 2-0-0, 65:00 minutes
Chris Holt (Anc), 7 saves from 8 shots - (0,875), OTL, 0-0-1, 30:41 minutes
Jonathan Boutin (Anc), 9 saves from 13 shots - (0,692), 34:19 minutes

Players Stats for Tamiflu

Player Name              G  A  P  +/- PIM S  H  SB GA TA FO     MP     PP MP  PK MP  
------------------------------------------------------------------------------------
Adam Henrique            1  1  2   1  0   1  1  0  1  0  5/8    14:24   0:07   0:00 
Alex Picard              1  0  1  -1  2   4  3  0  0  1  0/1    21:37   2:04   3:34 
Ben Hanowski             0  0  0   0  0   0  0  0  0  0  0/0     0:50   0:00   0:00 
Carson Mcmillan          0  1  1  -1  0   2  0  1  1  0  0/1    17:14   2:11   0:47 
Casey Wellman            0  0  0   0  0   0  0  0  0  0  0/0     0:00   0:00   0:00 
Cody Goloubef            0  0  0   0  0   0  0  0  0  0  0/0     4:11   0:00   0:00 
Colin Greening           0  0  0   0  0   0  0  1  0  0  2/2     8:42   0:00   2:06 
Greg Mauldin             2  0  2   0  0   6  1  0  0  1  8/16   19:42   1:47   1:11 
Jan Mursak               0  0  0   0  2   0  3  1  0  0  0/0    17:43   1:47   0:36 
Johan Fransson           0  0  0   1  0   0  0  0  0  2  0/0    21:08   1:27   3:13 
Jonathan Sigalet         0  0  0   1  0   2  3  1  0  2  0/0    29:16   2:31   4:43 
Jordan Hendry            0  2  2   1  0   0  0  2  1  0  0/0    29:05   2:31   4:43 
Justin Braun             0  1  1   0  0   0  0  0  0  0  0/0     4:11   0:00   0:00 
Kyle Lawson              0  0  0  -2  0   0  0  0  0  0  0/0    10:25   0:00   0:00 
Mattias Tedenby          0  0  0   0  0   0  0  0  0  0  1/3    11:05   0:00   2:38 
Mike Duco                1  0  1   1  0   2  4  0  0  0  0/0    13:07   0:00   0:00 
Nate Thompson            0  0  0  -1  4   1  2  2  2  1  15/29  25:56   2:11   2:35 
Nathan Oystrick          0  0  0   1  0   1  1  2  0  0  0/0    21:08   1:27   3:13 
Petr Pohl                0  2  2   0  0   2  1  1  1  0  1/1    17:08   1:47   0:00 
Philip Samuelsson        0  0  0  -2  0   0  0  2  0  0  0/0    10:36   0:00   0:00 
Philippe Dupuis          0  0  0   0  0   0  0  0  0  0  0/0     0:00   0:00   0:00 
Rich Clune               0  1  1   1  0   0  1  1  0  0  0/0    14:32   0:00   2:25 
Stefan Elliott           0  0  0   0  0   0  0  0  0  0  0/0     0:00   0:00   0:00 
Teemu Laakso             0  0  0   0  0   0  0  0  0  0  0/0     0:00   0:00   0:00 
Teigan Zahn              0  0  0   0  0   0  0  0  0  0  0/0     0:00   0:00   0:00 

Players Stats for Inferno

Player Name              G  A  P  +/- PIM S  H  SB GA TA FO     MP     PP MP  PK MP  
------------------------------------------------------------------------------------
Alex Berry               0  0  0  -2  0   0  1  0  1  1  0/0     7:39   0:00   0:00 
Andrej Meszaros          0  1  1   0  0   4  1  1  0  1  0/0    27:51   5:07   1:54 
Andrej Sekera            0  0  0  -2  0   0  3  0  0  0  0/0    28:43   5:07   2:03 
Brad Marchand            3  1  4   2  2   8  5  0  0  1  2/3    24:05   4:14   0:42 
Brendan Mikkelson        0  0  0   1  0   1  2  2  0  0  0/0    16:58   0:00   1:54 
Brian Boyle              0  0  0  -1  0   3  2  0  1  0  5/11   13:46   0:00   2:06 
Cal O'Reilly             0  1  1  -1  0   1  2  0  0  0  0/1    10:08   0:00   1:02 
Colin Wilson             1  0  1   1  0   2  2  0  1  0  16/31  22:29   4:14   0:01 
David Ullstrom           0  0  0  -1  0   2  0  0  0  0  0/0    10:17   0:00   0:00 
Jonathan Ferland         0  1  1   1  0   2  1  0  0  1  0/0    23:19   4:14   1:53 
Mark Mitera              0  1  1   0  2   0  1  0  0  0  0/0    14:08   0:00   0:00 
Matt Kassian             0  2  2  -1  0   0  3  0  0  0  0/0     9:13   0:00   0:01 
Pavel Vorobiev           1  0  1   1  0   1  1  0  0  0  0/1    12:42   0:00   0:00 
Stephane Veilleux        0  1  1   1  0   3  1  1  2  0  0/1    18:54   3:42   1:22 
Travis Hamonic           0  0  0   0  0   0  1  0  0  1  0/0    23:31   2:49   2:04 
Vladimir Sobotka         0  0  0   1  0   3  2  2  1  1  6/13   18:59   3:42   0:49 
Vladimir Zharkov         0  0  0  -1  0   4  1  1  0  0  0/0    13:59   3:42   0:00 
Yannick Weber            0  0  0   1  0   0  2  0  1  0  0/0    19:19   2:49   0:01 

3 Stars

1 - Brad Marchand (Anc)
2 - Greg Mauldin (Det)
3 - Adam Henrique (Det)

Power Play

Tamiflu - 0 on 2 Attempt(s) - 0,00%
Inferno - 0 on 4 Attempt(s) - 0,00%

Penalty Kill

Tamiflu - 4 on 4 Attempt(s) - 100,00% - Score 0 goal in Penalty Kill
Inferno - 2 on 2 Attempt(s) - 100,00% - Score 0 goal in Penalty Kill

Official

Referees : Hebert Ghislain and Sutherland Kelly
Linesman : David Brisebois and Steve Barton

Game Notes

Chris Holt enters game at 14:19 of 2nd period
Brad Marchand has scored a Hat Trick!
Ben Hanowski is injured at 19:51 of 3rd period (Right Hip)

Tamiflu

5 vs 5 Forward 
   Center                   Left Wing                Right Wing               Time % Phy DF OF 
 1 Nate Thompson            Alex Picard              Carson Mcmillan          40     1   2  2  
 2 Greg Mauldin             Jan Mursak               Petr Pohl                30     1   2  2  
 3 Adam Henrique            Rich Clune               Mike Duco                20     1   2  2  
 4 Colin Greening           Nate Thompson            Mattias Tedenby          10     1   2  2  

5 vs 5 Defense 
   Defense                  Defense                                           Time % Phy DF OF 
 1 Jonathan Sigalet         Jordan Hendry                                     40     1   2  2  
 2 Nathan Oystrick          Johan Fransson                                    30     1   2  2  
 3 Philip Samuelsson        Kyle Lawson                                       20     1   2  2  
 4 Justin Braun             Cody Goloubef                                     10     1   2  2  

PowerPlay Forward 
   Center                   Left Wing                Right Wing               Time % Phy DF OF 
 1 Nate Thompson            Alex Picard              Carson Mcmillan          60     1   2  2  
 2 Greg Mauldin             Jan Mursak               Petr Pohl                40     1   2  2  

PowerPlay Defense
   Defense                  Defense                                           Time % Phy DF OF 
 1 Jonathan Sigalet         Jordan Hendry                                     60     1   2  2  
 2 Nathan Oystrick          Johan Fransson                                    40     1   2  2  

Penalty Kill 4 Players Forward 
   Center                   Wing                     Time % Phy DF OF 
 1 Nate Thompson            Alex Picard              60     1   2  2  
 2 Greg Mauldin             Carson Mcmillan          40     1   2  2  

Penalty Kill 4 Players Defense
   Defense                  Defense                  Time % Phy DF OF 
 1 Jonathan Sigalet         Jordan Hendry            60     1   2  2  
 2 Nathan Oystrick          Johan Fransson           40     1   2  2  

Penalty Kill - 3 Players Forward 
   Forward                                           Time % Phy DF OF 
 1 Nate Thompson                                     60     1   2  2  
 2 Alex Picard                                       40     1   2  2  

Penalty Kill - 3 Players Defense
   Defense                  Defense                  Time % Phy DF OF 
 1 Jonathan Sigalet         Jordan Hendry            60     1   2  2  
 2 Nathan Oystrick          Johan Fransson           40     1   2  2  

4 vs 4 Forward 
   Center                   Wing                     Time % Phy DF OF 
 1 Nate Thompson            Alex Picard              60     1   2  2  
 2 Greg Mauldin             Carson Mcmillan          40     1   2  2  

4 vs 4 Defense
   Defense                  Defense                  Time % Phy DF OF 
 1 Jonathan Sigalet         Jordan Hendry            60     1   2  2  
 2 Nathan Oystrick          Johan Fransson           40     1   2  2  

Last Minutes Offensive
   Center                   Left Wing                Right Wing               Defense                  Defense                  
   Nate Thompson            Alex Picard              Carson Mcmillan          Jonathan Sigalet         Jordan Hendry            

Last Minutes Defensive
   Center                   Left Wing                Right Wing               Defense                  Defense                  
   Nate Thompson            Alex Picard              Carson Mcmillan          Jonathan Sigalet         Jordan Hendry            

Goaltenders
Starting : Mike McKenna             
Backup : Thomas Greiss            

Extra Forwards
Normal : Adam Henrique, Mike Duco, Mattias Tedenby - PP : Adam Henrique, Mike Duco - PK : Mattias Tedenby
Extra Defensemen
Normal : Philip Samuelsson, Kyle Lawson, Justin Braun - PP : Philip Samuelsson - PK : Kyle Lawson, Justin Braun
Penalty Shots
Nate Thompson, Alex Picard, Greg Mauldin, Carson Mcmillan, Petr Pohl

Inferno

5 vs 5 Forward 
   Center                   Left Wing                Right Wing               Time % Phy DF OF 
 1 Colin Wilson             Brad Marchand            Jonathan Ferland         40     1   2  2  
 2 Vladimir Sobotka         Stephane Veilleux        Pavel Vorobiev           30     1   2  2  
 3 Brian Boyle              David Ullstrom           Vladimir Zharkov         20     1   2  2  
 4 Cal O'Reilly             Matt Kassian             Alex Berry               10     1   2  2  

5 vs 5 Defense 
   Defense                  Defense                                           Time % Phy DF OF 
 1 Andrej Meszaros          Andrej Sekera                                     40     1   2  2  
 2 Travis Hamonic           Yannick Weber                                     30     1   2  2  
 3 Brendan Mikkelson        Mark Mitera                                       20     1   2  2  
 4 Travis Hamonic           Andrej Sekera                                     10     1   2  2  

PowerPlay Forward 
   Center                   Left Wing                Right Wing               Time % Phy DF OF 
 1 Colin Wilson             Brad Marchand            Jonathan Ferland         60     1   1  3  
 2 Vladimir Sobotka         Stephane Veilleux        Vladimir Zharkov         40     1   1  3  

PowerPlay Defense
   Defense                  Defense                                           Time % Phy DF OF 
 1 Andrej Meszaros          Andrej Sekera                                     60     1   1  3  
 2 Travis Hamonic           Yannick Weber                                     40     1   1  3  

Penalty Kill 4 Players Forward 
   Center                   Wing                     Time % Phy DF OF 
 1 Brian Boyle              Jonathan Ferland         60     1   4  0  
 2 Vladimir Sobotka         Brad Marchand            40     1   4  0  

Penalty Kill 4 Players Defense
   Defense                  Defense                  Time % Phy DF OF 
 1 Travis Hamonic           Andrej Sekera            60     1   4  0  
 2 Andrej Meszaros          Brendan Mikkelson        40     1   4  0  

Penalty Kill - 3 Players Forward 
   Forward                                           Time % Phy DF OF 
 1 Vladimir Sobotka                                  60     1   4  0  
 2 Brad Marchand                                     40     1   4  0  

Penalty Kill - 3 Players Defense
   Defense                  Defense                  Time % Phy DF OF 
 1 Travis Hamonic           Andrej Sekera            60     1   4  0  
 2 Andrej Meszaros          Brendan Mikkelson        40     1   4  0  

4 vs 4 Forward 
   Center                   Wing                     Time % Phy DF OF 
 1 Colin Wilson             Brad Marchand            60     1   2  2  
 2 Vladimir Sobotka         Jonathan Ferland         40     1   2  2  

4 vs 4 Defense
   Defense                  Defense                  Time % Phy DF OF 
 1 Andrej Meszaros          Andrej Sekera            60     1   2  2  
 2 Travis Hamonic           Yannick Weber            40     1   2  2  

Last Minutes Offensive
   Center                   Left Wing                Right Wing               Defense                  Defense                  
   Colin Wilson             Brad Marchand            Jonathan Ferland         Andrej Meszaros          Andrej Sekera            

Last Minutes Defensive
   Center                   Left Wing                Right Wing               Defense                  Defense                  
   Vladimir Sobotka         Brad Marchand            Jonathan Ferland         Travis Hamonic           Andrej Sekera            

Goaltenders
Starting : Jonathan Boutin          
Backup : Chris Holt               

Extra Forwards
Normal : Brad Marchand, Jonathan Ferland, Vladimir Sobotka - PP : Stephane Veilleux, Cal O'Reilly - PK : Brad Marchand
Extra Defensemen
Normal : Andrej Sekera, Travis Hamonic, Brendan Mikkelson - PP : Yannick Weber - PK : Brendan Mikkelson, Andrej Sekera
Penalty Shots
Stephane Veilleux, Colin Wilson, Brad Marchand, Jonathan Ferland, Vladimir Zharkov

% Time on Ice - Tamiflu

Lines # - Real PCT - Wanted PCT - Time Play
Normal Forward
1 - 28% - 40% - 13:37
2 - 35% - 30% - 16:40
3 - 23% - 20% - 11:18
4 - 14% - 10% - 6:31
Normal Defense
1 - 40% - 40% - 19:26
2 - 31% - 30% - 14:44
3 - 20% - 20% - 9:45
4 - 9% - 10% - 4:11
PP Forward
1 - 55% - 60% - 2:11
2 - 45% - 40% - 1:47
PP Defense
1 - 63% - 60% - 2:31
2 - 37% - 40% - 1:27
PK Forward
1 - 90% - 60% - 7:09
2 - 10% - 40% - 0:47
PK Defense
1 - 59% - 60% - 4:43
2 - 41% - 40% - 3:13
PK3 Forward
1 - 0% - 60%
2 - 0% - 40%
PK3 Defense
1 - 0% - 60%
2 - 0% - 40%
44 Forward
1 - 73% - 60% - 3:38
2 - 27% - 40% - 1:22
44 Defense
1 - 65% - 60% - 3:16
2 - 35% - 40% - 1:44
Last Minute Offensive  - 0:00
Last Minute Defensive  - 0:00
Total
Forward - 65:00
Defense - 65:00

% Time on Ice - Inferno

Lines # - Real PCT - Wanted PCT - Time Play
Normal Forward
1 - 36% - 40% - 17:33
2 - 26% - 30% - 12:42
3 - 21% - 20% - 10:17
4 - 16% - 10% - 7:34
Normal Defense
1 - 37% - 40% - 17:45
2 - 31% - 30% - 15:01
3 - 27% - 20% - 12:51
4 - 5% - 10% - 2:29
PP Forward
1 - 53% - 60% - 4:14
2 - 47% - 40% - 3:42
PP Defense
1 - 64% - 60% - 5:07
2 - 36% - 40% - 2:49
PK Forward
1 - 79% - 60% - 3:09
2 - 21% - 40% - 0:49
PK Defense
1 - 52% - 60% - 2:04
2 - 48% - 40% - 1:54
PK3 Forward
1 - 0% - 60%
2 - 0% - 40%
PK3 Defense
1 - 0% - 60%
2 - 0% - 40%
44 Forward
1 - 88% - 60% - 4:25
2 - 12% - 40% - 0:35
44 Defense
1 - 57% - 60% - 2:52
2 - 43% - 40% - 2:08
Last Minute Offensive  - 0:00
Last Minute Defensive  - 0:00
Total
Forward - 65:00
Defense - 65:00

Play by Play

1st period


0:01 of 1st period - Nate Thompson wins face-off versus Colin Wilson in neutral zone.
0:04 of 1st period - Andrej Sekera is hit by Alex Picard and loses puck.
0:30 of 1st period - Wrist shot by Stephane Veilleux.
0:30 of 1st period - Stopped by Mike McKenna without a rebound.
0:31 of 1st period - Adam Henrique wins face-off versus Brian Boyle in Tamiflu zone.
0:47 of 1st period - Snap shot by Mike Duco.
0:47 of 1st period - Shot Misses the Net.
1:43 of 1st period - Snap shot by Brad Marchand.
1:43 of 1st period - Deflect By Jonathan Ferland.
1:43 of 1st period - Shot Misses the Net.
1:43 of 1st period - Puck is out of play.
1:44 of 1st period - Greg Mauldin wins face-off versus Brad Marchand in Tamiflu zone.
1:53 of 1st period - Snap shot by Greg Mauldin.
1:53 of 1st period - Stopped by Jonathan Boutin with a rebound.
2:34 of 1st period - Snap shot by Petr Pohl.
2:34 of 1st period - Stopped by Jonathan Boutin with a rebound.
2:36 of 1st period - Slapshot by Justin Braun.
2:36 of 1st period - Shot Misses the Net.
2:44 of 1st period - Wrist shot by Greg Mauldin.
2:44 of 1st period - Goal by Greg Mauldin - Tamiflu : 1 - Inferno : 0.
2:45 of 1st period - Vladimir Sobotka wins face-off versus Nate Thompson in neutral zone.
3:40 of 1st period - Snap shot by Brian Boyle.
3:40 of 1st period - Shot Misses the Net.
3:42 of 1st period - Wrist shot by Brian Boyle.
3:42 of 1st period - Stopped by Mike McKenna with a rebound.
3:44 of 1st period - Snap shot by Brian Boyle.
3:44 of 1st period - Shot Blocked by Nathan Oystrick.
3:48 of 1st period - Wrist shot by Brian Boyle.
3:48 of 1st period - Shot Misses the Net.
3:50 of 1st period - Snap shot by Vladimir Zharkov.
3:50 of 1st period - Shot Misses the Net.
4:17 of 1st period - Justin Braun is hit by Matt Kassian and loses puck.
4:25 of 1st period - Off-side.
4:26 of 1st period - Colin Greening wins face-off versus Colin Wilson in neutral zone.
4:55 of 1st period - Off-side.
4:56 of 1st period - Adam Henrique wins face-off versus Colin Wilson in neutral zone.
4:59 of 1st period - Snap shot by Mike Duco.
4:59 of 1st period - Stopped by Jonathan Boutin with a rebound.
6:22 of 1st period - Travis Hamonic is hit by Jan Mursak and loses puck.
6:47 of 1st period - Wrist shot by Alex Picard.
6:47 of 1st period - Stopped by Jonathan Boutin with a rebound.
7:03 of 1st period - Nathan Oystrick is hit by Matt Kassian.
7:15 of 1st period - Snap shot by Brian Boyle.
7:15 of 1st period - Stopped by Mike McKenna with a rebound.
7:49 of 1st period - Wrist shot by Vladimir Sobotka.
7:49 of 1st period - Stopped by Mike McKenna with a rebound.
8:17 of 1st period - Slapshot by Colin Wilson.
8:17 of 1st period - Shot Misses the Net.
8:19 of 1st period - Snap shot by Jonathan Ferland.
8:19 of 1st period - Stopped by Mike McKenna without a rebound.
8:20 of 1st period - Colin Wilson wins face-off versus Adam Henrique in Tamiflu zone.
8:27 of 1st period - Snap shot by Brad Marchand.
8:27 of 1st period - Shot Blocked by Jonathan Sigalet.
8:47 of 1st period - Snap shot by Stephane Veilleux.
8:47 of 1st period - Stopped by Mike McKenna without a rebound.
8:48 of 1st period - Vladimir Sobotka wins face-off versus Greg Mauldin in Tamiflu zone.
8:51 of 1st period - Wrist shot by Vladimir Sobotka.
8:51 of 1st period - Stopped by Mike McKenna with a rebound.
9:01 of 1st period - Wrist shot by Greg Mauldin.
9:01 of 1st period - Shot Misses the Net.
9:03 of 1st period - Snap shot by Philip Samuelsson.
9:03 of 1st period - Shot Blocked by Stephane Veilleux.
9:18 of 1st period - Snap shot by Nate Thompson.
9:18 of 1st period - Deflect By Alex Picard.
9:18 of 1st period - Stopped by Jonathan Boutin with a rebound.
9:58 of 1st period - Slapshot by Greg Mauldin.
9:58 of 1st period - Shot Hit the Post.
10:12 of 1st period - Nathan Oystrick is hit by Jonathan Ferland and loses puck.
10:37 of 1st period - Snap shot by Mattias Tedenby.
10:37 of 1st period - Shot Misses the Net.
10:51 of 1st period - Snap shot by Petr Pohl.
10:51 of 1st period - Shot Blocked by Brendan Mikkelson.
11:27 of 1st period - Wrist shot by Cal O'Reilly.
11:27 of 1st period - Stopped by Mike McKenna without a rebound.
11:28 of 1st period - Colin Wilson wins face-off versus Greg Mauldin in Tamiflu zone.
11:39 of 1st period - Jan Mursak is hit by Colin Wilson and loses puck.
12:14 of 1st period - Backhand shot by Brian Boyle.
12:14 of 1st period - Stopped by Mike McKenna without a rebound.
12:15 of 1st period - Brian Boyle wins face-off versus Greg Mauldin in Tamiflu zone.
12:26 of 1st period - Backhand shot by Greg Mauldin.
12:26 of 1st period - Stopped by Jonathan Boutin without a rebound.
12:27 of 1st period - Brad Marchand wins face-off versus Nate Thompson in Inferno zone.
12:32 of 1st period - Slapshot by Brad Marchand.
12:32 of 1st period - Stopped by Mike McKenna without a rebound.
12:33 of 1st period - Colin Wilson wins face-off versus Nate Thompson in Tamiflu zone.
12:34 of 1st period - Wrist shot by Brad Marchand.
12:34 of 1st period - Stopped by Mike McKenna without a rebound.
12:35 of 1st period - Colin Wilson wins face-off versus Nate Thompson in Tamiflu zone.
13:01 of 1st period - Wrist shot by Alex Picard.
13:01 of 1st period - Goal by Alex Picard - Tamiflu : 2 - Inferno : 0.
13:02 of 1st period - Colin Wilson wins face-off versus Nate Thompson in neutral zone.
13:05 of 1st period - Wrist shot by Brad Marchand.
13:05 of 1st period - Shot Misses the Net.
13:36 of 1st period - Wrist shot by Adam Henrique.
13:36 of 1st period - Goal by Adam Henrique - Tamiflu : 3 - Inferno : 0.
13:37 of 1st period - Nate Thompson wins face-off versus Vladimir Sobotka in neutral zone.
15:21 of 1st period - Andrej Sekera is hit by Mike Duco and loses puck.
16:29 of 1st period - Slapshot by David Ullstrom.
16:29 of 1st period - Stopped by Mike McKenna without a rebound.
16:30 of 1st period - Greg Mauldin wins face-off versus Brian Boyle in Tamiflu zone.
16:39 of 1st period - Snap shot by Vladimir Zharkov.
16:39 of 1st period - Shot Blocked by Jordan Hendry.
16:55 of 1st period - Petr Pohl is hit by Brendan Mikkelson.
17:27 of 1st period - Alex Picard is hit by Brad Marchand and loses puck.
17:43 of 1st period - Johan Fransson is hit by Cal O'Reilly and loses puck.
18:06 of 1st period - Nathan Oystrick is hit by Brian Boyle and loses puck.
18:19 of 1st period - Snap shot by Vladimir Sobotka.
18:19 of 1st period - Shot Blocked by Nathan Oystrick.
18:21 of 1st period - Wrist shot by Vladimir Sobotka.
18:21 of 1st period - Stopped by Mike McKenna with a rebound.
19:16 of 1st period - Wrist shot by Brad Marchand.
19:16 of 1st period - Stopped by Mike McKenna without a rebound.
19:17 of 1st period - Nate Thompson wins face-off versus Colin Wilson in Tamiflu zone.
19:22 of 1st period - Slapshot by Jonathan Sigalet.
19:22 of 1st period - Stopped by Jonathan Boutin without a rebound.
19:23 of 1st period - Colin Wilson wins face-off versus Nate Thompson in Inferno zone.
19:44 of 1st period - Icing by Brendan Mikkelson.
19:45 of 1st period - Greg Mauldin wins face-off versus Colin Wilson in Inferno zone.
19:52 of 1st period - Brad Marchand is hit by Petr Pohl and loses puck.
Goals for this period are 3 for Tamiflu vs 0 for Inferno.
Shots for this period are 10 for Tamiflu vs 14 for Inferno.

2nd period


0:01 of 2nd period - Nate Thompson wins face-off versus Vladimir Sobotka in neutral zone.
1:13 of 2nd period - Snap shot by Stephane Veilleux.
1:13 of 2nd period - Shot Blocked by Nate Thompson.
1:15 of 2nd period - Snap shot by Stephane Veilleux.
1:15 of 2nd period - Shot Blocked by Carson Mcmillan.
1:17 of 2nd period - Slapshot by Travis Hamonic.
1:17 of 2nd period - Shot Misses the Net.
1:35 of 2nd period - Brian Boyle is hit by Jan Mursak and loses puck.
1:56 of 2nd period - Nate Thompson is hit by Cal O'Reilly and loses puck.
2:26 of 2nd period - Off-side.
2:27 of 2nd period - Brian Boyle wins face-off versus Greg Mauldin in neutral zone.
2:32 of 2nd period - Slapshot by Vladimir Zharkov.
2:32 of 2nd period - Shot Blocked by Petr Pohl.
2:34 of 2nd period - Snap shot by Mark Mitera.
2:34 of 2nd period - Deflect By Vladimir Zharkov.
2:34 of 2nd period - Stopped by Mike McKenna with a rebound.
2:36 of 2nd period - Slapshot by David Ullstrom.
2:36 of 2nd period - Shot Misses the Net.
2:38 of 2nd period - Snap shot by David Ullstrom.
2:38 of 2nd period - Deflect By Jan Mursak.
2:38 of 2nd period - Stopped by Mike McKenna with a rebound.
2:40 of 2nd period - Snap shot by Brendan Mikkelson.
2:40 of 2nd period - Stopped by Mike McKenna without a rebound.
2:41 of 2nd period - Colin Wilson wins face-off versus Adam Henrique in Tamiflu zone.
2:48 of 2nd period - Jordan Hendry is hit by Andrej Sekera and loses puck.
2:53 of 2nd period - Snap shot by Brad Marchand.
2:53 of 2nd period - Stopped by Mike McKenna without a rebound.
2:54 of 2nd period - Colin Wilson wins face-off versus Greg Mauldin in Tamiflu zone.
2:57 of 2nd period - Slapshot by Colin Wilson.
2:57 of 2nd period - Deflect By Jonathan Ferland.
2:57 of 2nd period - Shot Blocked by Jordan Hendry.
2:57 of 2nd period - Puck is out of play.
2:58 of 2nd period - Petr Pohl wins face-off versus Colin Wilson in Tamiflu zone.
2:58 of 2nd period - Petr Pohl is hit by Mark Mitera.
3:18 of 2nd period - Minor Penalty to Brad Marchand for Holding.
3:19 of 2nd period - Nate Thompson wins face-off versus Brian Boyle in Inferno zone.
3:58 of 2nd period - Off-side.
3:59 of 2nd period - Nate Thompson wins face-off versus Vladimir Sobotka in neutral zone.
4:02 of 2nd period - Snap shot by Nate Thompson.
4:02 of 2nd period - Shot Blocked by Vladimir Sobotka.
4:04 of 2nd period - Slapshot by Johan Fransson.
4:04 of 2nd period - Shot Blocked by Brendan Mikkelson.
4:06 of 2nd period - Snap shot by Carson Mcmillan.
4:06 of 2nd period - Shot Misses the Net.
4:34 of 2nd period - Jan Mursak is hit by Andrej Sekera and loses puck.
5:18 of 2nd period - Penalty to Brad Marchand is over, Brad Marchand is back on ice.
5:43 of 2nd period - Wrist shot by Cal O'Reilly.
5:43 of 2nd period - Shot Misses the Net.
6:07 of 2nd period - Backhand shot by Brad Marchand.
6:07 of 2nd period - Shot Blocked by Philip Samuelsson.
6:09 of 2nd period - Slapshot by Andrej Meszaros.
6:09 of 2nd period - Shot Misses the Net.
6:17 of 2nd period - Slapshot by Cal O'Reilly.
6:17 of 2nd period - Shot Misses the Net.
6:19 of 2nd period - Snap shot by Brad Marchand.
6:19 of 2nd period - Shot Misses the Net.
6:25 of 2nd period - Slapshot by Andrej Meszaros.
6:25 of 2nd period - Shot Blocked by Philip Samuelsson.
6:35 of 2nd period - Wrist shot by Brad Marchand.
6:35 of 2nd period - Goal by Brad Marchand - Tamiflu : 3 - Inferno : 1.
6:36 of 2nd period - Nate Thompson wins face-off versus Vladimir Sobotka in neutral zone.
6:39 of 2nd period - Pavel Vorobiev is hit by Jonathan Sigalet.
6:47 of 2nd period - Snap shot by Vladimir Sobotka.
6:47 of 2nd period - Shot Hit the Post.
7:13 of 2nd period - Snap shot by Greg Mauldin.
7:13 of 2nd period - Shot Blocked by Vladimir Sobotka.
7:33 of 2nd period - Wrist shot by Vladimir Zharkov.
7:33 of 2nd period - Stopped by Mike McKenna without a rebound.
7:34 of 2nd period - Brian Boyle wins face-off versus Greg Mauldin in Tamiflu zone.
8:05 of 2nd period - Snap shot by Alex Picard.
8:05 of 2nd period - Stopped by Jonathan Boutin with a rebound.
8:23 of 2nd period - Mark Mitera is hit by Adam Henrique and loses puck.
9:25 of 2nd period - Yannick Weber is hit by Jan Mursak and loses puck.
10:04 of 2nd period - Snap shot by Vladimir Zharkov.
10:04 of 2nd period - Deflect By Brian Boyle.
10:04 of 2nd period - Shot Misses the Net.
10:04 of 2nd period - Puck is out of play.
10:05 of 2nd period - Greg Mauldin wins face-off versus Brian Boyle in Tamiflu zone.
10:21 of 2nd period - Jan Mursak is hit by Brian Boyle and loses puck.
10:32 of 2nd period - Jordan Hendry is hit by Pavel Vorobiev and loses puck.
11:18 of 2nd period - Nathan Oystrick is hit by Brad Marchand and loses puck.
11:51 of 2nd period - Minor Penalty to Jan Mursak for Tripping.
11:52 of 2nd period - Nate Thompson wins face-off versus Colin Wilson in Tamiflu zone.
11:52 of 2nd period - Nate Thompson is hit by Brad Marchand.
12:02 of 2nd period - Brad Marchand is hit by Jonathan Sigalet and loses puck.
12:25 of 2nd period - Snap shot by Stephane Veilleux.
12:25 of 2nd period - Stopped by Mike McKenna without a rebound.
12:26 of 2nd period - Vladimir Sobotka wins face-off versus Nate Thompson in Tamiflu zone.
13:05 of 2nd period - Slapshot by Stephane Veilleux.
13:05 of 2nd period - Deflect By Vladimir Zharkov.
13:05 of 2nd period - Deflect By Jonathan Sigalet.
13:05 of 2nd period - Stopped by Mike McKenna without a rebound.
13:06 of 2nd period - Vladimir Sobotka wins face-off versus Greg Mauldin in Tamiflu zone.
13:31 of 2nd period - Backhand shot by Andrej Meszaros.
13:31 of 2nd period - Stopped by Mike McKenna without a rebound.
13:32 of 2nd period - Brad Marchand wins face-off versus Nate Thompson in Tamiflu zone.
13:51 of 2nd period - Penalty to Jan Mursak is over, Jan Mursak is back on ice.
14:01 of 2nd period - Wrist shot by Petr Pohl.
14:01 of 2nd period - Stopped by Jonathan Boutin with a rebound.
14:17 of 2nd period - Snap shot by Adam Henrique.
14:17 of 2nd period - Shot Misses the Net.
14:19 of 2nd period - Snap shot by Mike Duco.
14:19 of 2nd period - Goal by Mike Duco - Tamiflu : 4 - Inferno : 1.
14:19 of 2nd period - Chris Holt enters game.
14:20 of 2nd period - Colin Wilson wins face-off versus Nate Thompson in neutral zone.
14:23 of 2nd period - Nate Thompson is hit by Colin Wilson and loses puck.
14:35 of 2nd period - Snap shot by Jonathan Ferland.
14:35 of 2nd period - Shot Misses the Net.
15:15 of 2nd period - David Ullstrom is hit by Nathan Oystrick and loses puck.
15:46 of 2nd period - Wrist shot by Brad Marchand.
15:46 of 2nd period - Goal by Brad Marchand - Tamiflu : 4 - Inferno : 2.
15:47 of 2nd period - Colin Wilson wins face-off versus Nate Thompson in neutral zone.
15:56 of 2nd period - Snap shot by Brad Marchand.
15:56 of 2nd period - Stopped by Mike McKenna with a rebound.
15:58 of 2nd period - Wrist shot by Colin Wilson.
15:58 of 2nd period - Goal by Colin Wilson - Tamiflu : 4 - Inferno : 3.
15:59 of 2nd period - Colin Wilson wins face-off versus Nate Thompson in neutral zone.
16:14 of 2nd period - Snap shot by Jonathan Ferland.
16:14 of 2nd period - Shot Misses the Net.
16:30 of 2nd period - Slapshot by Adam Henrique.
16:30 of 2nd period - Shot Misses the Net.
16:32 of 2nd period - Slapshot by Adam Henrique.
16:32 of 2nd period - Shot Misses the Net.
16:36 of 2nd period - Slapshot by Adam Henrique.
16:36 of 2nd period - Shot Misses the Net.
16:38 of 2nd period - Slapshot by Nathan Oystrick.
16:38 of 2nd period - Stopped by Chris Holt without a rebound.
16:39 of 2nd period - Greg Mauldin wins face-off versus Vladimir Sobotka in Inferno zone.
17:04 of 2nd period - Nathan Oystrick is hit by Yannick Weber and loses puck.
17:11 of 2nd period - Snap shot by Nate Thompson.
17:11 of 2nd period - Stopped by Chris Holt with a rebound.
19:02 of 2nd period - Snap shot by Brad Marchand.
19:02 of 2nd period - Goal by Brad Marchand - Tamiflu : 4 - Inferno : 4.
19:03 of 2nd period - Nate Thompson wins face-off versus Colin Wilson in neutral zone.
19:42 of 2nd period - Snap shot by Vladimir Sobotka.
19:42 of 2nd period - Shot Misses the Net.
19:53 of 2nd period - Off-side.
19:54 of 2nd period - Adam Henrique wins face-off versus Brian Boyle in neutral zone.
Goals for this period are 1 for Tamiflu vs 4 for Inferno.
Shots for this period are 5 for Tamiflu vs 13 for Inferno.

3rd period


0:01 of 3rd period - Nate Thompson wins face-off versus Colin Wilson in neutral zone.
0:12 of 3rd period - Wrist shot by Jonathan Ferland.
0:12 of 3rd period - Shot Misses the Net.
0:14 of 3rd period - Slapshot by Andrej Meszaros.
0:14 of 3rd period - Stopped by Mike McKenna without a rebound.
0:15 of 3rd period - Nate Thompson wins face-off versus Pavel Vorobiev in Tamiflu zone.
0:17 of 3rd period - Minor Penalty to Nate Thompson for Holding.
0:18 of 3rd period - Mattias Tedenby wins face-off versus Colin Wilson in Tamiflu zone.
0:18 of 3rd period - Mattias Tedenby is hit by Brad Marchand.
0:43 of 3rd period - Alex Picard is hit by Andrej Sekera and loses puck.
0:48 of 3rd period - Wrist shot by Andrej Meszaros.
0:48 of 3rd period - Deflect By Vladimir Sobotka.
0:48 of 3rd period - Shot Misses the Net.
0:48 of 3rd period - Puck is out of play.
0:49 of 3rd period - Colin Greening wins face-off versus Stephane Veilleux in Tamiflu zone.
2:17 of 3rd period - Penalty to Nate Thompson is over, Nate Thompson is back on ice.
3:14 of 3rd period - Snap shot by Cal O'Reilly.
3:14 of 3rd period - Deflect By Colin Wilson.
3:14 of 3rd period - Stopped by Mike McKenna with a rebound.
3:16 of 3rd period - Slapshot by Brendan Mikkelson.
3:16 of 3rd period - Deflect By Brad Marchand.
3:16 of 3rd period - Shot Misses the Net.
3:16 of 3rd period - Puck is out of play.
3:17 of 3rd period - Colin Wilson wins face-off versus Nate Thompson in Tamiflu zone.
3:42 of 3rd period - Slapshot by Vladimir Sobotka.
3:42 of 3rd period - Shot Blocked by Jan Mursak.
3:46 of 3rd period - Snap shot by Vladimir Sobotka.
3:46 of 3rd period - Shot Misses the Net.
4:09 of 3rd period - Snap shot by Nate Thompson.
4:09 of 3rd period - Shot Blocked by Vladimir Zharkov.
4:17 of 3rd period - Colin Greening is hit by Vladimir Zharkov.
5:00 of 3rd period - Wrist shot by Colin Wilson.
5:00 of 3rd period - Shot Blocked by Colin Greening.
5:02 of 3rd period - Slapshot by Andrej Meszaros.
5:02 of 3rd period - Stopped by Mike McKenna with a rebound.
5:04 of 3rd period - Slapshot by Andrej Meszaros.
5:04 of 3rd period - Stopped by Mike McKenna without a rebound.
5:05 of 3rd period - Vladimir Sobotka wins face-off versus Greg Mauldin in Tamiflu zone.
5:16 of 3rd period - Snap shot by Greg Mauldin.
5:16 of 3rd period - Stopped by Chris Holt with a rebound.
6:00 of 3rd period - Slapshot by Carson Mcmillan.
6:00 of 3rd period - Stopped by Chris Holt without a rebound.
6:01 of 3rd period - Adam Henrique wins face-off versus Vladimir Sobotka in Inferno zone.
6:02 of 3rd period - Slapshot by Carson Mcmillan.
6:02 of 3rd period - Stopped by Chris Holt with a rebound.
7:09 of 3rd period - Mike Duco is hit by Matt Kassian and loses puck.
7:34 of 3rd period - Wrist shot by Pavel Vorobiev.
7:34 of 3rd period - Goal by Pavel Vorobiev - Tamiflu : 4 - Inferno : 5.
7:35 of 3rd period - Nate Thompson wins face-off versus Colin Wilson in neutral zone.
7:37 of 3rd period - Minor Penalty to Alex Picard for Tripping.
7:38 of 3rd period - Nate Thompson wins face-off versus Colin Wilson in Tamiflu zone.
8:35 of 3rd period - Johan Fransson is hit by Travis Hamonic and loses puck.
9:05 of 3rd period - Icing by Jonathan Ferland.
9:06 of 3rd period - Colin Wilson wins face-off versus Mattias Tedenby in Inferno zone.
9:06 of 3rd period - Colin Wilson is hit by Jonathan Sigalet.
9:14 of 3rd period - Jordan Hendry is hit by Vladimir Sobotka and loses puck.
9:37 of 3rd period - Penalty to Alex Picard is over, Alex Picard is back on ice.
9:45 of 3rd period - Snap shot by Cal O'Reilly.
9:45 of 3rd period - Deflect By Alex Berry.
9:45 of 3rd period - Shot Blocked by Rich Clune.
9:45 of 3rd period - Puck is out of play.
9:46 of 3rd period - Greg Mauldin wins face-off versus Cal O'Reilly in Tamiflu zone.
9:57 of 3rd period - Wrist shot by Greg Mauldin.
9:57 of 3rd period - Goal by Greg Mauldin - Tamiflu : 5 - Inferno : 5.
9:58 of 3rd period - Nate Thompson wins face-off versus Colin Wilson in neutral zone.
10:01 of 3rd period - Slapshot by Jonathan Sigalet.
10:01 of 3rd period - Stopped by Chris Holt with a rebound.
10:09 of 3rd period - Wrist shot by Nate Thompson.
10:09 of 3rd period - Deflect By Brad Marchand.
10:09 of 3rd period - Shot Blocked by Andrej Meszaros.
10:09 of 3rd period - Puck is out of play.
10:10 of 3rd period - Colin Wilson wins face-off versus Nate Thompson in Inferno zone.
11:02 of 3rd period - Jonathan Sigalet is hit by Yannick Weber and loses puck.
11:55 of 3rd period - Mike Duco is hit by Brendan Mikkelson and loses puck.
12:14 of 3rd period - Vladimir Zharkov is hit by Nate Thompson and loses puck.
12:31 of 3rd period - Icing by Vladimir Zharkov.
12:32 of 3rd period - Greg Mauldin wins face-off versus Brian Boyle in Inferno zone.
12:37 of 3rd period - Snap shot by Greg Mauldin.
12:37 of 3rd period - Stopped by Chris Holt without a rebound.
12:38 of 3rd period - Greg Mauldin wins face-off versus Colin Wilson in Inferno zone.
12:41 of 3rd period - Wrist shot by Petr Pohl.
12:41 of 3rd period - Shot Misses the Net.
12:43 of 3rd period - Slapshot by Jan Mursak.
12:43 of 3rd period - Shot Misses the Net.
12:45 of 3rd period - Snap shot by Greg Mauldin.
12:45 of 3rd period - Shot Misses the Net.
12:49 of 3rd period - Slapshot by Jan Mursak.
12:49 of 3rd period - Shot Misses the Net.
13:09 of 3rd period - Off-side.
13:10 of 3rd period - Vladimir Sobotka wins face-off versus Alex Picard in neutral zone.
13:10 of 3rd period - Stephane Veilleux is hit by Alex Picard and loses puck.
13:31 of 3rd period - Minor Penalty to Nate Thompson for Tripping.
13:32 of 3rd period - Colin Wilson wins face-off versus Mattias Tedenby in Tamiflu zone.
13:57 of 3rd period - Jonathan Sigalet is hit by Stephane Veilleux and loses puck.
15:31 of 3rd period - Penalty to Nate Thompson is over, Nate Thompson is back on ice.
15:52 of 3rd period - Minor Penalty to Mark Mitera for Tripping.
15:53 of 3rd period - Brian Boyle wins face-off versus Carson Mcmillan in Inferno zone.
16:44 of 3rd period - Alex Picard is hit by Vladimir Sobotka.
17:52 of 3rd period - Penalty to Mark Mitera is over, Mark Mitera is back on ice.
18:02 of 3rd period - Travis Hamonic is hit by Mike Duco and loses puck.
18:29 of 3rd period - Off-side.
18:30 of 3rd period - Adam Henrique wins face-off versus Vladimir Sobotka in neutral zone.
19:50 of 3rd period - Ben Hanowski is hit by Alex Berry and loses puck.
19:51 of 3rd period - Ben Hanowski from Tamiflu is injured at 19:51 of 3rd period (Right Hip).
19:52 of 3rd period - Brian Boyle wins face-off versus Adam Henrique in Tamiflu zone.
19:53 of 3rd period - Snap shot by Andrej Sekera.
19:53 of 3rd period - Deflect By Vladimir Zharkov.
19:53 of 3rd period - Stopped by Mike McKenna with a rebound.
Goals for this period are 1 for Tamiflu vs 1 for Inferno.
Shots for this period are 6 for Tamiflu vs 6 for Inferno.

Overtime #1


0:01 of 1st overtime period - Colin Wilson wins face-off versus Nate Thompson in neutral zone.
0:04 of 1st overtime period - Jonathan Sigalet is hit by Andrej Meszaros and loses puck.
0:15 of 1st overtime period - Snap shot by Brad Marchand.
0:15 of 1st overtime period - Shot Blocked by Nate Thompson.
0:52 of 1st overtime period - Wrist shot by Jonathan Ferland.
0:52 of 1st overtime period - Stopped by Mike McKenna without a rebound.
0:53 of 1st overtime period - Nate Thompson wins face-off versus Colin Wilson in Tamiflu zone.
1:42 of 1st overtime period - Vladimir Sobotka is hit by Mike Duco.
2:54 of 1st overtime period - Andrej Meszaros is hit by Rich Clune and loses puck.
3:39 of 1st overtime period - Colin Wilson is hit by Greg Mauldin and loses puck.
4:01 of 1st overtime period - Yannick Weber is hit by Mike Duco and loses puck.
4:18 of 1st overtime period - Mark Mitera is hit by Alex Picard and loses puck.
4:48 of 1st overtime period - Alex Picard is hit by Brad Marchand.
4:52 of 1st overtime period - Brendan Mikkelson is hit by Nate Thompson and loses puck.
Goals for this period are 0 for Tamiflu vs 0 for Inferno.
Shots for this period are 0 for Tamiflu vs 1 for Inferno.

ShootOut


5:00 of 1st overtime period - Penalty Shot by Nate Thompson for Tamiflu.
5:00 of 1st overtime period - Snap shot by Nate Thompson.
5:00 of 1st overtime period - Goal by Nate Thompson.
5:00 of 1st overtime period - Penalty Shot by Stephane Veilleux for Inferno.
5:00 of 1st overtime period - Wrist shot by Stephane Veilleux.
5:00 of 1st overtime period - Goal by Stephane Veilleux.
5:00 of 1st overtime period - Penalty Shot by Alex Picard for Tamiflu.
5:00 of 1st overtime period - Wrist shot by Alex Picard.
5:00 of 1st overtime period - Stopped by Chris Holt.
5:00 of 1st overtime period - Penalty Shot by Colin Wilson for Inferno.
5:00 of 1st overtime period - Wrist shot by Colin Wilson.
5:00 of 1st overtime period - Stopped by Mike McKenna.
5:00 of 1st overtime period - Penalty Shot by Greg Mauldin for Tamiflu.
5:00 of 1st overtime period - Backhand shot by Greg Mauldin.
5:00 of 1st overtime period - Goal by Greg Mauldin.
5:00 of 1st overtime period - Penalty Shot by Brad Marchand for Inferno.
5:00 of 1st overtime period - Snap shot by Brad Marchand.
5:00 of 1st overtime period - Shot Misses the Net.


Output by the SimonT Hockey Simulator (STHS) for François Prévost -- Original Page W3C XHTML 1.0 Valid
Hockey Simulator - Hockey Simulation - Hockey Manager